Map: [ESL] Site Delta

Players

Ryung - Winner!

  • Race: Terran Terran
  • Spawn Location: 5:00

Future

  • Race: Terran Terran
  • Spawn Location: 11:00

Event: ESL Spring 2024 Finals

VOD

Have the link to the VOD?

Description

Time

  • Played on: May 31, 2024, 1:55 p.m.
  • Length: 9:44

All games in this series

Show
View Real Time Build Order
Export as new Build Order

Ryung Terran - Winner!

Build Orders: Cyclone Opening, Reaper Expand 

Get SALT Encoding   

  12  0:00  SCV  
  13  0:12  SCV  
  14  0:17  Supply Depot  
  14  0:24  SCV  
  15  0:38  SCV  
  15  0:40  Barracks  
  15  0:42  Refinery  
  16  0:50  SCV  
  17  1:02  SCV  
  18  1:15  SCV  
  19  1:27  Orbital Command, Reaper  
  20  1:41  Command Center  
  20  1:55  Supply Depot, SCV  
  20  1:59  Marine  
  22  2:07  SCV  
  23  2:09  Factory  
  23  2:14  Refinery  
  23  2:17  Marine  
  23  2:19  SCV  
  25  2:31  SCV  
  25  2:35  Marine  
  27  2:43  SCV  
  28  2:53  Orbital Command, Cyclone  
  28  2:54  Starport  
  28  2:55  SCV  
  28  2:57  Barracks Reactor  
  31  3:08  SCV  
  32  3:13  Refinery  
  32  3:19  SCV  
  33  3:20  SCV  
  33  3:25  Factory Tech Lab  
  34  3:31  SCV, Starport Tech Lab  
  34  3:32  SCV  
  36  3:35  Marine x2  
  36  3:36  Supply Depot  
  38  3:43  SCV, Siege Tank  
  38  3:44  SCV  
  43  3:53  Raven  
  43  3:55  SCV  
  46  3:58  SCV  
  46  4:01  Command Center  
  47  4:07  Supply Depot  
  47  4:08  SCV  
  48  4:10  SCV  
  48  4:11  Marine  
  48  4:12  Marine  
  48  4:17  Siege Tank  
  54  4:18  Interference Matrix  
  54  4:28  SCV x2  
  55  4:32  Raven  
  55  4:34  Supply Depot  
  55  4:37  Marine x2  
  59  4:40  SCV x2  
  61  4:46  Supply Depot  
  61  4:53  SCV  
  61  4:55  SCV  
  61  4:56  Factory Reactor  
  63  5:03  Barracks  
  63  5:04  Barracks, Stimpack  
  63  5:05  SCV  
  64  5:07  SCV  
  64  5:09  Raven  
  64  5:11  Marine  
  64  5:14  Supply Depot  
  68  5:15  Orbital Command  
  68  5:19  SCV  
  68  5:20  SCV  
  70  5:28  Engineering Bay x2  
  70  5:30  Supply Depot  
  70  5:32  SCV x2  
  72  5:45  SCV x3  
  75  5:54  Starport Reactor  
  75  5:56  Marine x2  
  77  6:00  SCV x2  
  77  6:02  Siege Tank  
  82  6:04  Marine  
  82  6:05  Marine x2  
  82  6:08  Refinery  
  84  6:16  Marine x2, Barracks  
  86  6:19  Barracks  
  86  6:22  Marine x3  
  81  6:34  Marine x2  
  81  6:35  Supply Depot x2, Terran Infantry Weapons Level 1, Terran Infantry Armor Level 1  
  83  6:42  Siege Tank, Marine x3  
  83  6:44  Combat Shield  
  89  6:51  Marine  
  89  6:52  Marine  
  90  6:56  Medivac  
  90  6:59  Marine  
  90  7:00  Marine x2, Medivac  
  88  7:09  Marine x3  
  88  7:10  Marine  
  79  7:17  SCV, Marine x3  
  79  7:27  Marine x2  
  79  7:29  Orbital Command, SCV x2  
  78  7:30  Marine x2  
  78  7:35  Marine x2  
  82  7:41  SCV, Medivac  
  85  7:46  Medivac  
  85  7:50  SCV  
  88  7:52  Barracks Reactor  
  88  7:53  SCV, Barracks Reactor  
  88  7:58  SCV  
  90  8:02  SCV  
  90  8:05  SCV  
  92  8:08  Refinery  
  92  8:09  Marine x3  
  92  8:10  Marine x2  
  97  8:27  Marine x4  
  95  8:28  Marine, Medivac x2  
  95  8:29  Marine x2  
  95  8:32  SCV  
  95  8:33  SCV  
  108  8:36  SCV  
  102  8:41  Marine x2  
  102  8:44  SCV, Marine  
  102  8:45  SCV, Marine x3  
  102  8:46  Marine  
  102  8:47  Marine x2  
  102  8:48  SCV  
  111  8:54  Siege Tank  
  114  8:57  SCV x2  
  114  8:59  Marine x2  
  114  9:00  SCV  
  114  9:02  Marine x2  
  116  9:03  Marine x2  
  116  9:07  Marine x2  
  116  9:08  Marine  
  116  9:09  SCV  
  118  9:11  Medivac x2  
  118  9:15  SCV x2  
  118  9:17  Marine x2  
  118  9:20  Marine  
  118  9:21  Supply Depot, SCV  
  122  9:27  SCV x2  
Show
View Real Time Build Order
Export as new Build Order

Future Terran 

Build Orders:  

Get SALT Encoding   

  12  0:00  SCV  
  13  0:12  SCV  
  14  0:17  Supply Depot  
  14  0:24  SCV  
  15  0:39  SCV  
  15  0:40  Barracks  
  16  0:50  Refinery  
  16  0:51  SCV  
  17  1:03  SCV  
  18  1:15  SCV  
  19  1:26  Marine  
  19  1:27  Orbital Command  
  20  1:41  Command Center  
  20  1:44  Reaper  
  21  1:55  SCV  
  21  1:56  Supply Depot  
  22  2:07  SCV  
  23  2:09  Factory  
  23  2:18  Marine  
  23  2:20  SCV  
  23  2:21  Bunker  
  23  2:22  Refinery  
  25  2:32  SCV  
  25  2:35  Marine  
  27  2:44  SCV  
  28  2:53  Starport  
  28  2:56  SCV, Hellion, Barracks Reactor  
  31  2:58  Orbital Command  
  31  3:06  Refinery  
  31  3:08  SCV  
  32  3:19  Factory Tech Lab  
  32  3:20  SCV  
  32  3:24  SCV  
  34  3:31  Starport Tech Lab  
  34  3:32  SCV, Marine x2  
  37  3:36  Supply Depot, SCV  
  37  3:37  Siege Tank  
  41  3:44  SCV  
  41  3:48  SCV  
  43  3:52  Marine x2  
  43  3:53  Raven, Interference Matrix  
  46  3:57  SCV  
  46  3:58  Supply Depot  
  46  4:00  SCV  
  48  4:04  Supply Depot  
  48  4:10  Marine x2  
  48  4:12  Siege Tank  
  48  4:14  SCV  
  54  4:22  SCV  
  55  4:27  SCV  
  55  4:28  Raven  
  55  4:31  Marine x2  
  58  4:34  Supply Depot  
  58  4:35  SCV  
  59  4:39  SCV  
  59  4:44  Siege Tank  
  63  4:47  SCV  
  63  4:49  Marine x2  
  63  4:51  SCV  
  67  4:55  Starport  
  67  4:56  Refinery  
  68  5:00  SCV  
  68  5:01  Supply Depot  
  68  5:05  SCV  
  69  5:07  Supply Depot  
  69  5:12  SCV  
  70  5:16  Viking x2  
  70  5:17  SCV  
  75  5:29  Siege Tank  
  75  5:33  SCV  
  75  5:35  Viking  
  81  5:36  Marine  
  81  5:38  SCV  
  81  5:39  Command Center  
  83  5:45  SCV  
  84  5:50  Supply Depot, SCV  
  84  5:53  Viking x2  
  89  6:02  Siege Tank  
  92  6:04  SCV  
  92  6:05  SCV  
  94  6:11  Viking  
  94  6:17  SCV x2  
  98  6:28  Viking x2  
  102  6:42  Marine  
  102  6:43  SCV x2, Siege Tank  
  102  6:45  Barracks  
  104  6:47  Barracks  
  104  6:49  Barracks  
  104  6:55  Orbital Command, SCV x2  
  104  6:58  Engineering Bay  
  104  6:59  Engineering Bay  
  106  7:03  Viking  
  106  7:07  SCV  
  108  7:11  Marine  
  88  7:15  Siege Tank  
  79  7:23  SCV  
  79  7:28  Marine  
  78  7:30  Orbital Command  
  78  7:31  Terran Infantry Weapons Level 1, Terran Infantry Armor Level 1  
  78  7:34  SCV  
  78  7:35  SCV  
  78  7:36  Marine x3  
  83  7:39  Barracks, Stimpack  
  83  7:46  Marine  
  83  7:48  Siege Tank  
  83  7:49  Viking  
  83  7:50  SCV  
  90  7:55  Marine x3  
  90  7:57  SCV  
  94  8:02  Viking  
  94  8:04  SCV, Liberator, Marine  
  101  8:12  Marine  
  101  8:13  Marine x2  
  103  8:20  Siege Tank  
  103  8:22  Marine  
  104  8:30  Marine x2  
  104  8:31  Marine  
  104  8:32  Armory  
  104  8:33  Supply Depot  
  106  8:40  Marine  
  106  8:43  SCV x2  
  106  8:47  Medivac  
  106  8:48  Medivac  
  110  8:54  Marine x3  
  110  8:55  Supply Depot x2  
  113  8:57  Marine  
  113  8:59  Siege Tank  
  117  9:04  Viking  
  115  9:14  Command Center  
  115  9:16  Barracks Reactor x2  
  115  9:19  Barracks Reactor  
  115  9:23  Barracks Reactor  
  117  9:24  Marine  
  118  9:31  Supply Depot  
  118  9:32  Supply Depot  
Tags
 
Add a new tag
Caveats
  • Supply blocks, unpowered buildings, or Contaminate may cause inaccurate times.
  • Supply counts are checked every 10 seconds.